AoeStats
← Reards3786

Black Forest

510932156Analyzed
4v4 RM · 4h ago on Oct 3, 2026· 83m 43s· 8 players
Game mode
Random Map
Map size
Large (8 player)
Population
200
Speed
Normal
Resources
Standard
Victory
Conquest
Starting age
Dark Age
Ending age
Imperial Age
RankedLock teamsTeams togetherTeam positionsShared explorationLock speedFull tech treeHidden civsTurbo modeCheats
Victory
Defeat
🇬🇧 Varangians · United Kingdom
766
+15
🇵🇪 Spanish · Peru
708
+17
🇨🇦 Bohemians · Canada
673
+19
🇵🇪 Burgundians · Peru
652
+21
🇲🇽 Celts · Mexico
769
-19
🇦🇺 Bulgarians · Australia
736
-18
🇺🇸 Burgundians · United States
735
-18
🇮🇳 Vietnamese · India
716
-17
Reards3786
1:38 Loom
14:31 Feudal Age
18:38 Wheelbarrow
21:26 Castle Age
31:34 Hand Cart
35:40 Imperial Age
33:50 Horse Collar
34:18 Caravan
35:41 Town Watch
36:12 Fletching
36:33 Forging
36:28 Scale Barding Armor
36:45 Onager
37:53 Conscription
36:56 Elite Konnik
38:47 Iron Casting
38:13 Scale Mail Armor
38:09 Bodkin Arrow
38:14 Murder Holes
40:13 Blast Furnace
39:34 Chain Barding Armor
39:04 Gambesons
39:20 Squires
38:41 Pikeman
41:09 Town Patrol
43:21 Halberdier
48:11 Chemistry
47:32 Ballistics
47:18 Siege Engineers
TheBoss2333
7:38 Loom
14:19 Feudal Age
13:11 Double-Bit Axe
14:37 Gold Mining
14:31 Horse Collar
15:30 Bow Saw
25:59 Castle Age
25:51 Gold Shaft Mining
26:28 Heavy Plow
26:23 Stone Mining
33:47 Two-Man Saw
36:07 Imperial Age
35:40 Caravan
43:50 Forging
43:41 Scale Mail Armor
44:47 Iron Casting
45:25 Chain Mail Armor
46:14 Blast Furnace
46:24 Plate Mail Armor
66:04 Stone Shaft Mining
neville_longbottom
0:48 Loom
13:16 Feudal Age
13:57 Double-Bit Axe
19:14 Horse Collar
24:59 Castle Age
25:07 Gold Mining
25:09 Stone Mining
28:23 Arson
28:39 Squires
31:06 Heavy Plow
31:23 Bow Saw
33:01 Wheelbarrow
34:16 Fortified Wall
33:58 Heated Shot
34:28 Ballistics
35:31 Hand Cart
36:08 Stone Shaft Mining
35:33 Town Watch
40:04 Imperial Age
38:08 Town Patrol
39:59 Murder Holes
40:14 Scale Mail Armor
40:25 Forging
40:17 Padded Archer Armor
40:48 Pikeman
42:35 Chemistry
41:17 Treadmill Crane
42:56 Elite Fire Lancer
44:08 Leather Archer Armor
43:44 Fletching
44:58 Ring Archer Armor
45:05 Iron Casting
47:29 Crossbowman
48:15 Thumb Ring
48:25 Elite Rattan Archer
49:27 Paper Money
49:07 Chatras
49:14 Arbalester
49:46 Onager
54:39 Husbandry
54:50 Bloodlines
55:41 Elite Battle Elephant
civilalberto
0:28 Loom
16:39 Feudal Age
19:53 Double-Bit Axe
20:02 Gold Mining
19:54 Horse Collar
22:24 Castle Age
21:00 Wheelbarrow
20:39 Stone Mining
23:24 Bow Saw
23:52 Stone Shaft Mining
23:20 Heavy Plow
24:39 Gold Shaft Mining
29:14 Ballistics
29:34 Masonry
32:20 Hand Cart
32:43 Caravan
33:16 Coinage
33:39 Pikeman
34:05 Arson
35:51 Town Watch
36:46 Scale Mail Armor
36:47 Padded Archer Armor
41:05 Imperial Age
40:00 Leather Archer Armor
40:00 Chain Mail Armor
41:10 Capped Ram
41:11 Heavy Scorpion
41:19 Halberdier
42:52 Siege Engineers
43:19 Guilds
44:25 Furor Celtica
44:43 Stronghold
46:07 Banking
46:34 Hoardings
46:20 Onager
47:37 Siege Ram
49:26 Arrowslits
50:42 Chemistry
SlyScissors443
11:53 Feudal Age
12:22 Double-Bit Axe
15:23 Horse Collar
19:16 Castle Age
17:30 Stone Mining
18:57 Gold Mining
20:52 Bow Saw
20:49 Heavy Plow
21:55 Wheelbarrow
23:47 Treadmill Crane
24:52 Town Watch
25:25 Hand Cart
26:35 Stone Shaft Mining
26:55 Scale Barding Armor
27:01 Forging
31:13 Imperial Age
29:46 Chain Barding Armor
31:13 Iron Casting
31:31 Elite Jarl
32:32 Conscription
32:52 Plate Barding Armor
33:07 Caravan
34:35 Blast Furnace
35:37 Bloodlines
35:30 Husbandry
82:42 Spies/Treason
madagascart
7:49 Loom
13:01 Feudal Age
18:50 Castle Age
17:45 Double-Bit Axe
26:34 Horse Collar
27:16 Bow Saw
28:26 Wheelbarrow
29:25 Forging
29:18 Scale Mail Armor
31:51 Town Watch
33:29 Fervor
36:50 Imperial Age
36:06 Chain Mail Armor
36:27 Iron Casting
36:32 Wagenburg Tactics
38:52 Chemistry
38:13 Ballistics
39:20 Plate Mail Armor
39:51 Blast Furnace
38:42 Fletching
38:53 Padded Archer Armor
39:09 Elite Hussite Wagon
42:16 Bodkin Arrow
80:01 Bracer
80:17 Leather Archer Armor
MAHORAGA
9:03 Double-Bit Axe
10:34 Horse Collar
13:45 Feudal Age
14:46 Bow Saw
14:37 Heavy Plow
15:52 Loom
15:53 Town Watch
16:43 Wheelbarrow
22:22 Castle Age
21:58 Gold Mining
22:43 Stone Mining
24:40 Stone Shaft Mining
24:42 Gold Shaft Mining
31:10 Imperial Age
30:53 Burgundian Vineyards
32:25 Two-Man Saw
37:13 Town Patrol
37:29 Hand Cart
37:25 Scale Mail Armor
37:30 Scale Barding Armor
36:51 Elite Coustillier
37:53 Forging
37:34 Fletching
37:44 Padded Archer Armor
39:02 Caravan
39:32 Coinage
39:12 Guilds
42:18 Chemistry
41:28 Masonry
41:04 Arrowslits
41:40 Ballistics
43:30 Chain Mail Armor
43:36 Chain Barding Armor
43:14 Bodkin Arrow
46:01 Banking
45:02 Cavalier
45:45 Husbandry
45:07 Light Cavalry
46:50 Paladin
46:53 Hussar
48:08 Plate Mail Armor
48:13 Plate Barding Armor
47:40 Bracer
47:55 Leather Archer Armor
48:15 Iron Casting
49:59 Crop Rotation
53:54 Man-at-Arms
53:55 Pikeman
54:35 Squires
54:21 Arson
55:25 Long Swordsman
55:31 Halberdier
57:16 Blast Furnace
56:26 Two-Handed Swordsman
58:46 Champion
71:27 Bombard Tower
71:38 Architecture
70:49 Treadmill Crane
71:05 Murder Holes
71:20 Fortified Wall
71:00 Guard Tower
71:16 Siphons
Pedro II
1:46 Loom
14:08 Feudal Age
20:37 Castle Age
25:18 Fervor
34:17 Imperial Age
32:44 Wheelbarrow
32:27 Town Watch
33:17 Horse Collar
33:27 Double-Bit Axe
33:36 Gold Mining
33:37 Stone Mining
34:51 Hand Cart
34:37 Town Patrol
34:43 Heavy Plow
34:57 Bow Saw
37:34 Chemistry
36:55 Ballistics
36:32 Murder Holes
36:48 Masonry
37:33 Conscription
37:49 Hoardings
38:33 Fletching
38:47 Caravan
40:06 Bodkin Arrow
41:14 Two-Man Saw
40:56 Stone Shaft Mining
41:29 Thumb Ring
42:25 Bracer
44:31 Architecture
44:06 Padded Archer Armor
47:40 Leather Archer Armor
48:59 Ring Archer Armor
49:56 Illumination
50:19 Theocracy
54:22 Redemption
54:12 Devotion
54:33 Sanctity
54:34 Heresy
54:10 Herbal Medicine
54:17 Atonement
60:36 Arson
60:51 Squires
60:12 Pikeman
61:10 Scale Mail Armor
61:21 Forging
62:08 Chain Mail Armor
61:53 Halberdier
65:12 Plate Mail Armor
65:17 Iron Casting
68:12 Faith
68:11 Block Printing
Connection lost

Rejoining the realm…

Still unreachable

The connection could not be restored.

Session expired

The server has moved on; the page needs a fresh start.